 Dungeon Crawl Stone Soup version 0.31-a0-853-gc9b61b78f7 (webtiles) character file.

Game seed: 12760459604015332795

2180 Gladio the Trooper (level 9, 0/84 HPs)
             Began as an Armataur Fighter on Oct 8, 2023.
             Was a Priest of Trog.
             Slain by an orc warrior
             ... wielding a +1 vampiric glaive
              (10 damage)
             ... on level 6 of the Dungeon.
             The game lasted 00:10:19 (5387 turns).

Gladio the Trooper (Armataur Fighter)               Turns: 5387, Time: 00:10:20

Health: 0/84       AC: 10    Str: 32    XL:     9   Next: 11%
Magic:  9/9        EV:  7    Int:  8    God:    Trog [***...]
Gold:   219        SH:  5    Dex: 10    Spells: 8/8 levels left

rFire   . . .        a - +0 long sword
rCold   . . .        c - +0 buckler
rNeg    . . .        l - +0 chain mail
rPois   .            (no helmet)
rElec   .            p - +0 cloak
rCorr   .            (no gloves)
SInv    .            (no barding)
Will    .....        (no amulet) Stlth
                     m - +6 ring of strength
HPRegen 0.34/turn    (no ring)
MPRegen 0.11/turn

%: roll
@: no status effects
A: large, rugged brown scales 3, deformed body, armoured tail, roll, long
tongue, awkward tongue
a: Renounce Religion, Berserk, Trog's Hand


You were on level 6 of the Dungeon.
You worshipped Trog.
Trog was most pleased with you.
You visited 2 branches of the dungeon, and saw 7 of its levels.

You collected 219 gold pieces.

Inventory:

Hand Weapons
 a - a +0 long sword (weapon)
Armour
 b - a +0 scale mail
 c - a +0 buckler (worn)
 l - a +0 chain mail (worn)
 p - a +0 cloak (worn)
Jewellery
 g - a ring of protection from fire
 m - a +6 ring of strength (left hand)
 o - a ring of flight
 u - the ring of the Ban {rPois Str+3 Int+2 Slay-4}
   (You found it on level 4 of the Dungeon)

   [ring of poison resistance]

   Str+3:     It affects your strength (+3).
   Int+2:     It affects your intelligence (+2).
   Slay-4:    It affects your accuracy & damage with ranged weapons and melee
   (-4).
   rPois:     It protects you from poison
Talismans
 x - a beast talisman
Scrolls
 j - a scroll of enchant weapon
 k - a scroll of noise {unknown}
 q - 3 scrolls of poison
 r - 2 scrolls of vulnerability
 v - 3 scrolls of immolation
 y - a scroll of blinking {unknown}
 B - a scroll of enchant armour {unknown}
Potions
 d - 2 potions of might
 e - 2 potions of ambrosia
 f - a potion of enlightenment {unknown}
 h - a potion of heal wounds
 i - 2 potions of attraction {unknown}
 n - a potion of berserk rage {unknown}
 s - a potion of haste {unknown}
 t - 2 potions of magic
 z - a potion of curing {unknown}
 A - a potion of mutation {unknown}


   Skills:
 * Level 7.0 Fighting
 * Level 6.7 Long Blades
 + Level 6.7 Armour
 + Level 6.2 Shields


You had 8 spell levels left.
You didn't know any spells.
Your spell library was empty.

Dungeon Overview and Level Annotations

Branches:
Dungeon (6/15)             Temple (1/1) D:4

Altars:
Ashenzari
Cheibriados
Dithmenos
Elyvilon
Fedhas
Gozag
Hepliaklqana
Kikubaaqudgha
Makhleb
Nemelex Xobeh
Okawaru
Qazlal
Ru
Sif Muna
Trog
Uskayaw
Vehumet
Wu Jian
Xom
Yredelemnul
Zin
The Shining One

Shops:
D:1 ([!?(


Innate Abilities, Weirdness & Mutations

You are completely covered in rugged brown scales. (AC +3, +7% HP)
Armour fits poorly on your strangely shaped body.
You have a long armoured tail.
You roll when moving toward enemies. (Rampage)
Your long tongue fully drains potion bottles. (2x potion effects)
Your tongue gives you trouble enunciating. (1.5x scroll delay)


Message History

You block the orc warrior's attack.
You barely miss the orc warrior.
Your tail-slap misses the orc warrior.
You block the orc warrior's attack.
You completely miss the orc warrior.
The orc warrior hits you with a +1 vampiric glaive.
You barely miss the orc warrior.
The orc warrior hits you with a +1 vampiric glaive!
The orc warrior hits you with a +1 vampiric glaive.
You are too injured to fight recklessly!
You are too injured to fight recklessly!
You are too injured to fight recklessly!
You are too injured to fight recklessly!
You are too injured to fight recklessly!
You are too injured to fight recklessly!
You are too injured to fight recklessly!
You are too injured to fight recklessly!
You are too injured to fight recklessly!
You are too injured to fight recklessly!
You are too injured to fight recklessly!
You are too injured to fight recklessly!
You are too injured to fight recklessly!
You are too injured to fight recklessly!
You hit the orc warrior.
The orc warrior is moderately wounded.
The orc warrior hits you with a +1 vampiric glaive!
* * * LOW HITPOINT WARNING * * *
The orc warrior draws strength from your wounds!
You closely miss the orc warrior.
Your tail-slap misses the orc warrior.
The orc warrior barely misses you.
You hit the orc warrior.
The orc warrior is lightly wounded.
The orc warrior closely misses you.
You hit the orc warrior but do no damage.
The orc warrior is lightly wounded.
The orc warrior hits you with a +1 vampiric glaive!
* * * LOW HITPOINT WARNING * * *
You barely miss the orc warrior.
The orc warrior is lightly wounded.
The orc warrior hits you with a +1 vampiric glaive!
You die...

###+##..#..........
#..#..........
#..########+##
#............#
#............+
#...###.###..#
#...###.###..######
#...#......).......
#...+.....)@.......
######..####o..##..
##+# ...# ....#
....# #####


You could see an orc warrior.

Vanquished Creatures
  Prince Ribbit (D:5)
  5 yaks (D:6)
  2 ice beasts (D:5)
  A black bear (D:4)
  2 ogres
  A bullfrog (D:6)
  A gnoll sergeant (D:5)
  3 scorpions
  A howler monkey (D:6)
  2 hounds
  A jelly (D:5)
  Crazy Yiuf (D:3)
  An orc priest (D:6)
  An iguana (D:6)
  2 orc wizards
  7 gnolls
  9 adders
  2 worms
  3 dart slugs
  12 orcs
  12 ball pythons
  9 endoplasms
  2 giant cockroaches
  5 goblins
  8 hobgoblins
  5 jackals (D:2)
  6 quokkas
  3 bats
  3 frilled lizards
  5 kobolds
  6 rats
122 creatures vanquished.

Notes
Turn   | Place    | Note
-------+----------+-------------------------------------------
     0 | D:1      | Gladio the Armataur Fighter began the quest for the Orb.
     0 | D:1      | Reached XP level 1. HP: 19/19 MP: 1/1
    53 | D:1      | Found Igaocil's Antique Armour Boutique.
   139 | D:1      | Reached XP level 2. HP: 20/26 MP: 2/2
   195 | D:1      | Found a faded altar of an unknown god.
   220 | D:1      | Prayed at the altar of an unknown god.
   220 | D:1      | Became a worshipper of Trog the Wrathful
   220 | D:1      | Reached * piety under Trog
   243 | D:1      | Reached skill level 3 in Fighting
   316 | D:1      | Found Qypaoden's Distillery.
   326 | D:1      | Found Gorerod's Antique Weapon Shoppe.
   403 | D:1      | Found Biorejople's Magic Scroll Shop.
   479 | D:1      | Found Tiqer's Antique Weapon Emporium.
   574 | D:1      | Reached XP level 3. HP: 32/33 MP: 3/3
  1425 | D:2      | Reached XP level 4. HP: 32/40 MP: 4/4
  1567 | D:2      | Reached ** piety under Trog
  1917 | D:3      | Found a runed translucent door.
  1918 | D:3      | Noticed Crazy Yiuf
  1961 | D:3      | Killed Crazy Yiuf
  2123 | D:3      | Reached XP level 5. HP: 40/49 MP: 5/5
  2677 | D:4      | Identified the ring of the Ban {rPois Str+3 Int+2 Slay-4}
  2773 | D:4      | Found a staircase to the Ecumenical Temple.
  2795 | Temple   | Entered the Ecumenical Temple
  2809 | D:4      | Reached skill level 4 in Fighting
  3340 | D:4      | Reached XP level 6. HP: 46/55 MP: 6/6
  3700 | D:4      | Reached XP level 7. HP: 30/64 MP: 7/7
  4070 | D:5      | Entered Level 5 of the Dungeon
  4140 | D:5      | Noticed Prince Ribbit
  4150 | D:5      | Reached skill level 5 in Armour
  4159 | D:5      | Killed Prince Ribbit
  4160 | D:5      | Reached skill level 5 in Fighting
  4257 | D:5      | Found a shimmering altar of Xom.
  4366 | D:5      | Reached skill level 5 in Long Blades
  4366 | D:5      | Reached skill level 5 in Shields
  4520 | D:5      | Reached XP level 8. HP: 72/73 MP: 8/8
  4536 | D:5      | Reached *** piety under Trog
  4759 | D:5      | Found a sparkling altar of Nemelex Xobeh.
  4889 | D:5      | Reached skill level 6 in Fighting
  5159 | D:6      | Reached XP level 9. HP: 33/83 MP: 9/9
  5333 | D:6      | Reached skill level 7 in Fighting
  5387 | D:6      | Slain by an orc warrior

Illustrated notes

Levels and vault maps discovered:
D:1:      kennysheep_arrival_seaside, layout_basic,
          shapermc_ecumenical_altar_pompeii, serial_shops, shop,
          nicolae_shop_rolling_square, nicolae_shop_tiny_real_fake_doors, shop,
          nicolae_shop_overgrown_old_shop, supply_closet_lemuel,
          grunt_decor_fettered, solitary_fountain
D:2:      minmay_wonky_spiral, layout_loops_ring
D:3:      layout_loops_ring, st_stairs_10, uniq_crazy_yiuf_cottage
D:4:      layout_gridville, minmay_temple_entry_tees
D:5:      layout_basic, mainiacjoe_overflow_catwalk, xom_teletrap_fun,
          uniq_prince_ribbit1
D:6:      layout_gridville, serial_shops, nicolae_shop_waterfront,
          minmay_misc_feat_x, eino_small_chamber_without_monster
Temple:   mainiacjoe_temple_cubbyholes

Skill      XL: |  1  2  3  4  5  6  7  8  9 |
---------------+----------------------------+-----
Long Blades    | 2 3 4 5 6 |  6.7
Fighting       | 3 4 5 6 7 |  7.0
Armour         | 4 5 6 |  6.7
Shields        | 4 5 6 |  6.2

Action                     |  1- 3 |  4- 6 |  7- 9 || total
---------------------------+-------+-------+-------++-------
  Melee: Long sword        |   152 |   217 |   168 ||   537
         Tailslap          |    11 |    19 |    22 ||    52
 Invoke: Berserk           |     1 |     3 |     3 ||     7
         Trog's Hand       |       |       |     2 ||     2
    Use: Scroll            |     3 |     3 |     3 ||     9
 Armour: Scale mail        |   108 |       |       ||   108
         Chain mail        |    34 |   201 |   126 ||   361
  Dodge: Dodged            |    47 |    64 |    52 ||   163
  Block: Buckler           |    36 |    47 |    37 ||   120
         Form:             |       |       |     1 ||     1
         Beast             |       |       |     1 ||     1

Table legend: (Time is in decaauts)
 A = Elapsed time spent in this place.
 B = Non-inter-level travel time spent in this place.
 C = Inter-level travel time spent in this place.
 D = Time resting spent in this place.
 E = Time spent auto-exploring this place.
 F = Levels seen in this place.
 G = Mean time per level.
                   A        B        C        D        E       F      G
               +--------+--------+--------+--------+--------+-----+--------+
         Total |   5552 |   5354 |    198 |    155 |   4155 |   7 |  793.1 |
       Dungeon |   5550 |   5352 |    198 |    155 |   4155 |   6 |  925.0 |
        Temple |      1 |      1 |      0 |      0 |      0 |   1 |    1.0 |
               +--------+--------+--------+--------+--------+-----+--------+

Top non-repeatable levels by time:
     D:4: 1438 daAuts
     D:5: 1220 daAuts
     D:1: 960 daAuts
     D:2: 936 daAuts
     D:3: 866 daAuts
     D:6: 127 daAuts
  Temple: 1 daAuts
